 Dungeon Crawl Stone Soup version 0.25.1-2-g60ff931df9 (webtiles) character file.

Game seed: 13312397249526295391

2431 hawla the Slasher (level 9, -1/78 HPs)
             Began as a Minotaur Fighter on Oct 23, 2020.
             Was an Initiate of Gozag.
             Slain by a seven-headed hydra (5 damage)
             ... on level 7 of the Dungeon.
             The game lasted 00:16:34 (7879 turns).

hawla the Slasher (Minotaur Fighter)                Turns: 7879, Time: 00:16:36

Health: -1/78      AC: 10    Str: 24    XL:     9   Next: 24%
Magic:  8/8        EV: 12    Int:  5    God:    Gozag
Gold:   653        SH:  5    Dex: 10    Spells: 8/8 levels left

rFire    . . .     SeeInvis .   K - +2 dagger (elec)
rCold    . . .     Gourm    .   (no shield)
rNeg     . . .     Faith    .   a - +0 scale mail (curse)
rPois    .         Spirit   .   (helmet restricted)
rElec    .         Reflect  +   (no cloak)
rCorr    +         Harm     .   (no gloves)
MR       +....                  r - +1 pair of boots
Stlth    +.........             o - amulet of reflection
HPRegen  0.23/turn              s - ring of stealth
MPRegen  0.11/turn              e - ring of Utaes {+Inv MR+ rCorr}

@: about to teleport
A: retaliatory headbutt, horns 2
a: Potion Petition, Call Merchant, Bribe Branch, Renounce Religion, Evoke
Invisibility


You were on level 7 of the Dungeon.
You worshipped Gozag.
Gozag was pleased with you.
You were not hungry.

You visited 1 branch of the dungeon, and saw 7 of its levels.

You collected 733 gold pieces.
You paid 80 gold pieces to Gozag.

Inventory:

Hand Weapons
 c - the +5 glaive of Foolhardiness {venom, Dex+3}
   (You found it on level 7 of the Dungeon)

   It poisons the flesh of those it strikes.
   It affects your dexterity (+3).
 v - a +2 rapier of draining
 z - a +0 scimitar
 K - a +2 dagger of electrocution (weapon)
Missiles
 k - 3 javelins
 p - 15 boomerangs (quivered)
 q - 43 poisoned darts
Armour
 a - a cursed +0 scale mail (worn)
 g - a +0 chain mail
 r - a +1 pair of boots (worn)
Jewellery
 e - the ring of Utaes (right hand) {+Inv MR+ rCorr}
   (You found it on level 7 of the Dungeon)

   [ring of resist corrosion]

   It affects your resistance to hostile enchantments.
   It lets you turn invisible.
   It provides partial protection from all sources of acid and corrosion.
 o - an amulet of reflection (around neck)
 s - a ring of stealth (left hand)
 C - an uncursed ring of fire
 D - an uncursed amulet of regeneration
Wands
 A - a wand of flame (23)
 F - a wand of acid (12)
 J - a wand of disintegration (9)
Scrolls
 b - a scroll of blinking {unknown}
 i - 2 scrolls of enchant armour
 l - 3 scrolls of teleportation
 x - 3 scrolls of remove curse
 y - 6 scrolls of identify
 E - a scroll of fog
Potions
 d - 2 potions of might
 h - 3 potions of cancellation
 j - a potion of curing
 m - a potion of haste {unknown}
 n - a potion of stabbing {unknown}
 t - a potion of ambrosia {unknown}
 u - a potion of heal wounds {unknown}
 w - a potion of resistance {unknown}
 B - 2 potions of mutation {unknown}
 H - a potion of lignification {unknown}
 I - a potion of flight {unknown}
Comestibles
 f - 9 rations


   Skills:
 + Level 6.9 Fighting
 + Level 6.4(7.8) Short Blades
 + Level 7.3(8.6) Long Blades
 + Level 1.3 Polearms
 + Level 6.3 Armour
 * Level 6.2 Dodging
 - Level 2.0 Stealth
   Level 3.6 Shields


You had 8 spell levels left.
You didn't know any spells.
Your spell library was empty.

Dungeon Overview and Level Annotations

Branches:
Dungeon (7/15)             Temple (0/1) D:5

Altars:
Ashenzari
Cheibriados
Gozag
Qazlal

Shops:
D:5 :

Annotations:
D:3 3 runed translucent doors, axecop's ghost, amateur DsAK
D:5 2 transporters, raphialitos's ghost, novice SpEn


Innate Abilities, Weirdness & Mutations

You reflexively headbutt those who attack you in melee.
You have a pair of horns on your head.


Message History

You feel strangely unstable. The orc hits you but does no damage.
The seven-headed hydra bites you but does no damage.
The seven-headed hydra bites you.
* * * LOW HITPOINT WARNING * * *
The seven-headed hydra barely misses you.
The seven-headed hydra bites you!
* * * LOW HITPOINT WARNING * * *
The seven-headed hydra bites you but does no damage.
The seven-headed hydra bites you.
* * * LOW HITPOINT WARNING * * *
The seven-headed hydra barely misses you.
You feel better. The orc hits you but does no damage.
The seven-headed hydra bites you!
* * * LOW HITPOINT WARNING * * *
The seven-headed hydra bites you but does no damage.
The seven-headed hydra bites you!
* * * LOW HITPOINT WARNING * * *
The seven-headed hydra bites you.
You die...
Your body crumbles into a pile of gold.

#####....#
###......<..
##[.......#
##...##...
..........#
###.[....
..#######.# ###....
..# #.# #.##.###..
..# #.# ##
#.#.#.#### ..# #.#
.# #.#.#.##.# ..##
#.# #####.#
#.#.#.#.#.
..<######.# #@#.#.#
#.#.#.#.##
..>.......#
#D#o#.## #.#.#..###
.......##.#
####.#.# #.#.####..
..........#
###.###..###....
.......##.#
#.#..###......
######....#
##..##........
..>....#..#
.......###.........
.......#..#
..#######..#.......
.......#..#
###....########)


You could see a seven-headed hydra and an orc.

Vanquished Creatures
  An ugly thing (D:7)
  A hippogriff (D:7)
  2 orc warriors
  2 ice beasts (D:6)
  A phantom (D:6)
  A necrophage (D:7)
  An ogre (D:7)
  3 centaurs
  A killer bee (D:7)
  A scorpion (D:6)
  2 water moccasin skeletons
  A howler monkey (D:5)
  A bullfrog zombie (D:6)
  2 crimson imps (D:5)
  6 hounds
  3 orc priests
  2 iguanas
  4 worker ants
  Robin (D:1)
  11 adders
  3 river rats (D:6)
  A shadow imp (D:6)
  An adder zombie (D:5)
  An adder skeleton (D:5)
  A worm (D:4)
  4 dart slugs
  2 leopard geckos
  17 orcs
  A ball python (D:1)
  6 bats
  8 giant cockroaches
  17 goblins
  8 hobgoblins
  2 jackals (D:1)
  2 quokkas
  7 frilled lizards
  A jackal skeleton (D:4)
  6 kobolds
  A leopard gecko zombie (D:6)
  4 rats
140 creatures vanquished.

Vanquished Creatures (others)
  A kobold (D:3)
1 creature vanquished.

Grand Total: 141 creatures vanquished

Notes
Turn   | Place    | Note
-------+----------+-------------------------------------------
     0 | D:1      | hawla the Minotaur Fighter began the quest for the Orb.
     0 | D:1      | Reached XP level 1. HP: 19/19 MP: 0/0
   372 | D:1      | Reached XP level 2. HP: 27/27 MP: 1/1
   651 | D:1      | Reached skill level 1 in Dodging
   809 | D:1      | Reached skill level 1 in Stealth
   970 | D:1      | Reached XP level 3. HP: 31/33 MP: 2/2
  1368 | D:2      | Noticed Robin
  1396 | D:1      | Killed Robin
  2146 | D:2      | Found a shattered altar of Ashenzari.
  2628 | D:2      | Reached XP level 4. HP: 40/40 MP: 3/3
  2669 | D:2      | Reached skill level 3 in Long Blades
  3254 | D:3      | Found a runed translucent gate.
  3254 | D:3      | Found a runed translucent gate.
  3254 | D:3      | Found a runed translucent gate.
  3254 | D:3      | Noticed axecop's ghost (amateur DsAK)
  3255 | D:3      | Noticed a big kobold
  3256 | D:3      | Noticed a big kobold
  3455 | D:3      | Found a shattered altar of Ashenzari.
  4022 | D:4      | Reached XP level 5. HP: 47/47 MP: 4/4
  4637 | D:5      | Entered Level 5 of the Dungeon
  4709 | D:5      | Reached skill level 4 in Long Blades
  4739 | D:5      | You fall into a shaft and drop 1 floor!
  4854 | D:6      | Noticed an ice beast
  4866 | D:6      | Killed an ice beast
  4866 | D:6      | Reached XP level 6. HP: 42/55 MP: 5/5
  4897 | D:6      | Found an opulent altar of Gozag.
  4898 | D:6      | Found a stormy altar of Qazlal.
  4905 | D:6      | Became a worshipper of Gozag Ym Sagoz the Greedy
  4951 | D:5      | Found a staircase to the Ecumenical Temple.
  4954 | D:5      | Noticed raphialitos's ghost (novice SpEn)
  4956 | D:5      | Noticed an ice beast
  4958 | D:5      | Found a transporter.
  4977 | D:5      | Reached skill level 5 in Fighting
  4977 | D:5      | Reached skill level 5 in Long Blades
  5037 | D:5      | Reached XP level 7. HP: 36/61 MP: 6/6
  5174 | D:5      | Reached skill level 6 in Long Blades
  5182 | D:5      | Found a snail-covered altar of Cheibriados.
  5293 | D:5      | Found Idwel's Book Shop.
  5350 | D:5      | Found a transporter.
  6103 | D:6      | Reached skill level 1 in Short Blades
  6167 | D:6      | Reached skill level 7 in Long Blades
  6167 | D:6      | Reached XP level 8. HP: 41/70 MP: 7/7
  6680 | D:6      | Reached skill level 5 in Dodging
  6706 | D:6      | Reached skill level 5 in Armour
  7495 | D:7      | Reached skill level 5 in Short Blades
  7531 | D:7      | Got a smouldering glaive
  7532 | D:7      | Identified the +5 glaive of Foolhardiness {venom, Dex+3}
                  | (You found it on level 7 of the Dungeon)
  7538 | D:7      | Noticed a hippogriff
  7541 | D:7      | Noticed a green ugly thing
  7542 | D:7      | Killed a hippogriff
  7551 | D:7      | Killed a green ugly thing
  7551 | D:7      | Reached skill level 1 in Polearms
  7551 | D:7      | Reached XP level 9. HP: 30/78 MP: 8/8
  7848 | D:7      | Got a scorched amber ring
  7849 | D:7      | Identified the ring of Utaes {+Inv MR+ rCorr} (You found it
                  | on level 7 of the Dungeon)
  7873 | D:7      | Identified the ring "Lysuq" {*Tele Str-4 Dex+4 Stlth+}
  7874 | D:7      | Noticed a seven-headed hydra
  7879 | D:7      | Slain by a seven-headed hydra

Illustrated notes

Levels and vault maps discovered:
D:1:      evilmike_arrival_crescent, layout_loops_cross
D:2:      layout_basic, nicolae_overflow_hidden_temple, uniq_robin
D:3:      layout_basic, gammafunk_ghost_nasty_kobolds, ashenzari_altar_1
D:4:      layout_loops_cross
D:5:      layout_cave_pods, kennysheep_slug_shrine,
          minmay_temple_entry_offerings, first_ration, serial_shops, shop,
          gammafunk_ghost_arena, kennysheep_potato
D:6:      layout_loops_cross, amethyst_overflow_temple_binary,
          gup_sewer_entry_bowl
D:7:      minmay_the_grid_triangle_9x9_recursive_2
          [minmay_the_grid_triangle_9x9_prize_special,
          minmay_the_grid_triangle_9x9_sprig,
          minmay_the_grid_triangle_9x9_descending_squares,
          minmay_the_grid_triangle_9x9_impossible_snake], layout_rooms,
          lemuel_blue_sif_altar

Skill      XL: |  1  2  3  4  5  6  7  8 |
---------------+-------------------------+-----
Dodging        | 1 2 3 4 6 |  6.2
Stealth        | 1 2 |  2.0
Armour         | 4 6 |  6.3
Fighting       | 4 5 6 |  6.9
Long Blades    | 3 4 5 7 |  7.3
Short Blades   | 2 6 |  6.4
Polearms       | 1 |  1.3
Shields        | |  3.6

Action                   |  1- 3 |  4- 6 |  7- 9 || total
-------------------------+-------+-------+-------++-------
Melee: Long sword        |    62 |    51 |       ||   113
       Headbutt          |    15 |    15 |    38 ||    68
       Scimitar          |       |    48 |     8 ||    56
       Dagger            |       |     7 |    62 ||    69
       Rapier            |       |       |    98 ||    98
       Glaive            |       |       |     8 ||     8
Throw: Boomerang         |       |       |     1 ||     1
  Use: Scroll            |       |     8 |     2 ||    10
       Potion            |       |       |     3 ||     3
 Stab: Sleeping          |     3 |     6 |     3 ||    12
       Distracted        |       |     1 |     1 ||     2
  Eat: Chunk             |     5 |     7 |       ||    12
       Ration            |       |     1 |     3 ||     4
Armor: Leather armour    |       |     8 |       ||     8
       Skin              |       |     3 |       ||     3
       Robe              |       |     2 |       ||     2
       Ring mail         |       |    18 |    16 ||    34
       Scale mail        |       |       |    31 ||    31
Dodge: Dodged            |    50 |    54 |    80 ||   184
Block: Other             |       |    18 |    42 ||    60
       Reflection        |       |     3 |     1 ||     4
       Rpst.: Long sword |    13 |     4 |       ||    17
       Scimitar          |       |    10 |       ||    10
